 Dungeon Crawl Stone Soup version 0.28-a0-863-g8cecda6153 (webtiles) character file.

Game seed: 8725189144715949970

7670 pokeman the Thaumaturge (level 10, -3/56 HPs)
             Began as a Deep Elf Hedge Wizard on Nov 18, 2021.
             Was a Priest of Vehumet.
             Slain by a guardian serpent (shapeshifter) (8 damage)
             ... on level 9 of the Dungeon on Nov 19, 2021.
             The game lasted 00:32:04 (13178 turns).

pokeman the Thaumaturge (Deep Elf Hedge Wizard)    Turns: 13178, Time: 00:32:05

Health: -3/56      AC:  7    Str:  7    XL:     10   Next: 99%
Magic:  22/30      EV: 10    Int: 26    God:    Vehumet [***...]
Gold:   714        SH:  5    Dex: 14    Spells: 26/38 levels left

rFire   + . .      SeeInvis .   z - +1 dagger (venom)
rCold   x . .      Faith    .   (no shield)
rNeg    + . .      Spirit   .   a - +0 ring mail of Kuqaguo {rPois rN+ Int+3}
rPois   +          Reflect  +   c - +0 hat
rElec   .          Harm     .   (no cloak)
rCorr   .          Rampage  .   M - +0 pair of gloves
Will    +....                   R - +0 pair of boots
Stlth   ++........              F - amulet of reflection
HPRegen 0.18/turn               K - ring of fire
MPRegen 0.22/turn               b - ring of flight

@: flying
A: no striking features
a: Renounce Religion


You were on level 9 of the Dungeon.
You worshipped Vehumet.
Vehumet was most pleased with you.
You visited 2 branches of the dungeon, and saw 11 of its levels.
You also visited: Sewer and Ossuary.

You collected 714 gold pieces.

Inventory:

Hand Weapons
 z - a +1 dagger of venom (weapon)
 H - a +0 hand crossbow
Missiles
 f - 43 bolts
Armour
 a - the +0 ring mail of Kuqaguo (worn) {rPois rN+ Int+3}
   (You found it on level 6 of the Dungeon)

   Int:       It affects your intelligence (+3).
   rPois:     It protects you from poison.
   rN:        It protects you from negative energy.
 c - a +0 hat (worn)
 M - a +0 pair of gloves (worn)
 R - a +0 pair of boots (worn)
Jewellery
 b - a ring of flight (right hand)
 F - an amulet of reflection (around neck)
 K - a ring of fire (left hand)
Wands
 J - a wand of mindburst (11)
 Z - a wand of acid (9)
Scrolls
 l - 6 scrolls of teleportation
 D - a scroll of fear {unknown}
 L - 4 scrolls of acquirement {unknown}
 O - a scroll of blinking {unknown}
 S - 2 scrolls of magic mapping {unknown}
 X - a scroll of immolation {unknown}
Potions
 e - 2 potions of degeneration {unknown}
 j - 4 potions of berserk rage {unknown}
 m - a potion of cancellation {unknown}
 p - 3 potions of curing {unknown}
 q - 5 potions of might {unknown}
 s - 3 potions of mutation {unknown}
 t - 2 potions of magic {unknown}
 v - 5 potions of haste {unknown}
 w - a potion of heal wounds {unknown}
 x - 3 potions of ambrosia {unknown}
 B - 5 potions of attraction {unknown}
 E - 2 potions of flight {unknown}
 I - 5 potions of lignification {unknown}
 P - 2 potions of brilliance {unknown}
 T - a potion of resistance {unknown}
Miscellaneous
 d - a lightning rod (4/4)
 Y - a phantom mirror


   Skills:
 - Level 3.0 Fighting
 - Level 3.0 Armour
 - Level 3.0 Dodging
 - Level 3.0 Stealth
 + Level 3.8 Shields
 * Level 14.5 Spellcasting
 + Level 8.4 Conjurations
 - Level 1.1 Summonings
 - Level 1.1 Translocations
 + Level 7.7 Fire Magic
 - Level 1.0 Air Magic
 - Level 1.0 Poison Magic
 - Level 1.0 Evocations


You had 26 spell levels left.
You knew the following spells:

 Your Spells              Type           Power      Damage    Failure   Level
a - Magic Dart            Conj           100%       1d8       1%          1
b - Mephitic Cloud        Conj/Pois/Air  36%        N/A       1%          3
c - Call Imp              Summ           24%        N/A       9%          2
d - Blink                 Tloc           48%        N/A       9%          2
e - Conjure Flame         Conj/Fire      74%        6-21      1%          3
f - Foxfire               Conj/Fire      100%       2x1d9     1%          1

Your spell library contained the following spells:

 Spells                   Type           Power      Damage    Failure   Level
 Frozen Ramparts          Ice            36%        1d5       8%          3
 Hailstorm                Conj/Ice       40%        3d10      4%          4
 Slow                     Hex            72%        N/A       10%         1
 Tukima's Dance           Hex            18%        N/A       28%         3
 Passage of Golubria      Tloc           24%        N/A       52%         4
 Yara's Violent Unravell  Hex/Tmut       9%         3d6       52%         5
 Ice Form                 Ice/Tmut       18%        N/A       67%         4
 Petrify                  Tmut/Erth      18%        N/A       67%         4
 Metabolic Englaciation   Hex/Ice        9%         N/A       95%         5
 Simulacrum               Ice/Necr       9%         N/A       100%        6
 Statue Form              Tmut/Erth      12%        N/A       100%        6


Dungeon Overview and Level Annotations

Branches:
Dungeon (10/15)            Temple (1/1) D:4           Sewer (visited)
Ossuary (visited)
   Lair: D:8-11         Orc: D:9-12

Altars:
Ashenzari
Dithmenos
Elyvilon
Gozag
Hepliaklqana
Kikubaaqudgha
Makhleb
Nemelex Xobeh
Qazlal
Uskayaw
Vehumet
Wu Jian
Xom
Yredelemnul
Zin
The Shining One

Shops:
D:8 (

Annotations:
D:6 2 transporters, hgbash's ghost, novice HOFi


Message History

You kill the orc wizard!
Vehumet accepts your kill. The guardian serpent barely misses you.
The guardian serpent hits you!!
Casting: Foxfire (safe; 1% risk of failure)
Confirm with . or Enter, or press ? or * to list all spells.
You feel a surge of power!
You conjure some foxfire!
The foxfire hits the guardian serpent.
The guardian serpent is moderately wounded.
The foxfire hits the guardian serpent but does no damage.
The guardian serpent is moderately wounded.
The foxfire hits the orc.
The orc is heavily wounded.
The guardian serpent hits you.
Casting: Foxfire (safe; 1% risk of failure)
Confirm with . or Enter, or press ? or * to list all spells.
You feel a surge of power!
You conjure some foxfire!
The foxfire hits the orc.
You kill the orc!
Vehumet accepts your kill.
You feel your power returning. The guardian serpent hits you!
The guardian serpent hits you!!
* * * LOW HITPOINT WARNING * * *
Casting: Foxfire (safe; 1% risk of failure)
Confirm with . or Enter, or press ? or * to list all spells.
You feel a surge of power!
You conjure some foxfire!
The foxfire hits the guardian serpent but does no damage.
The guardian serpent is moderately wounded.
The foxfire hits the guardian serpent.
The guardian serpent is moderately wounded.
The guardian serpent hits you but does no damage.
Casting: Foxfire (safe; 1% risk of failure)
Confirm with . or Enter, or press ? or * to list all spells.
You blink.
The foxfire hits the guardian serpent.
The guardian serpent is heavily wounded.
The foxfire hits the guardian serpent.
The guardian serpent is heavily wounded.
The guardian serpent closely misses you.
You block the guardian serpent's attack.
You feel stable enough to blink again. The guardian serpent hits you!
You die...

#..........# ######.
#..........# ##
##....)..[##
##........#####
#.............#######
#.......)[.##.......##
#......>...########..###
#......S...# ##...#
#......@...# ###..
##........## ###
##......## ########


You could see a guardian serpent.

Vanquished Creatures
  An anaconda (shapeshifter) (D:9)
  A two-headed ogre (D:9)
  Pikel (D:4)
  Grinder (D:4)
  2 wyverns
  Sigmund (D:6)
  9 yaks (D:9)
  A steam dragon (D:8)
  Edmund (D:6)
  An acid dragon (D:9)
  2 water moccasins
  A sky beast (D:6)
  2 black bears
  3 necrophages
  2 centaurs (D:9)
  An ogre (D:6)
  4 lemures (D:4)
  4 kobold brigands
  A bullfrog (D:9)
  A wyvern zombie (D:6)
  A gnoll sergeant (D:8)
  10 scorpions
  A water moccasin skeleton (D:3)
  6 wights
  5 killer bees
  A howler monkey (D:5)
  2 centaur zombies (Ossuary)
  2 bullfrog zombies (D:5)
  A centaur skeleton (D:4)
  5 hounds
  A jelly (D:6)
  2 orc priests (D:4)
  A bullfrog skeleton (D:7)
  A human zombie (Ossuary)
  2 orc wizards
  4 iguanas
  6 scorpion zombies (Ossuary)
  Ijyb (D:3)
  A killer bee zombie (D:8)
  A bullfrog simulacrum (D:4)
  The ghost of Daunt the Sneak, a weakling KoDe (D:4)
  A scorpion simulacrum (D:4)
  3 hound skeletons (D:4)
  3 mummies (Ossuary)
  2 howler monkey zombies
  7 gnolls
  4 adders
  A howler monkey skeleton (D:5)
  A river rat (Sewer)
  2 shadow imps (D:4)
  A white imp (D:4)
  3 ufetubi
  An adder skeleton (D:4)
  2 worms (Sewer)
  A dart slug (D:3)
  4 adder simulacra (D:4)
  7 orcs
  7 ball pythons
  7 endoplasms
  5 giant cockroaches
  7 goblins
  10 hobgoblins
  10 jackals
  2 quokkas
  6 bats
  6 frilled lizards
  2 gnoll zombies (Ossuary)
  3 goblin zombies (Ossuary)
  A hobgoblin zombie (Ossuary)
  35 kobolds
  2 kobold zombies (Ossuary)
  3 orc zombies (Ossuary)
  16 rats
  A butterfly (D:8)
261 creatures vanquished.

Vanquished Creatures (others)
  531 foxfires
  7 plants (D:6)
538 creatures vanquished.

Grand Total: 799 creatures vanquished

Notes
Turn   | Place    | Note
-------+----------+-------------------------------------------
     0 | D:1      | pokeman the Deep Elf Hedge Wizard began the quest for the
                  | Orb.
     0 | D:1      | Reached XP level 1. HP: 10/10 MP: 7/7
   536 | D:1      | Reached XP level 2. HP: 14/16 MP: 5/9
   840 | D:1      | Reached skill level 5 in Spellcasting
   940 | D:1      | You fall into a shaft and drop 1 floor!
   976 | D:1      | Found a faded altar of an unknown god.
  1104 | D:1      | Reached XP level 3. HP: 20/20 MP: 9/11
  1108 | D:1      | Learned a level 3 spell: Mephitic Cloud
  1111 | D:1      | Learned a level 2 spell: Call Imp
  1114 | D:1      | Learned a level 2 spell: Blink
  1118 | D:1      | Learned a level 3 spell: Conjure Flame
  2060 | D:2      | Reached skill level 1 in Fighting
  2291 | D:2      | Reached skill level 1 in Armour
  2552 | D:3      | Noticed Ijyb
  2563 | D:3      | Killed Ijyb
  2564 | D:3      | Reached XP level 4. HP: 20/25 MP: 6/13
  2685 | D:3      | Found a glowing drain.
  2694 | Sewer    | Entered a sewer
  2747 | Sewer    | Reached skill level 1 in Fire Magic
  3194 | Sewer    | Reached skill level 6 in Spellcasting
  3330 | Sewer    | Reached XP level 5. HP: 29/29 MP: 1/15
  3450 | Sewer    | Reached skill level 1 in Air Magic
  3743 | D:3      | Found a shadowy altar of Dithmenos.
  3743 | D:3      | Found a burning altar of Makhleb.
  3743 | D:3      | Found a white marble altar of Elyvilon.
  4146 | D:3      | Reached skill level 1 in Poison Magic
  4146 | D:3      | Reached XP level 6. HP: 23/34 MP: 10/17
  4599 | D:3      | Found a radiant altar of Vehumet.
  4615 | D:3      | Became a worshipper of Vehumet
  5261 | D:4      | Found a stormy altar of Qazlal.
  5310 | D:4      | Found a runed translucent gate.
  5310 | D:4      | Found a runed translucent gate.
  5310 | D:4      | Found a runed translucent gate.
  5322 | D:4      | Reached skill level 7 in Spellcasting
  5322 | D:4      | Reached skill level 1 in Evocations
  5632 | D:4      | Found a hide-covered altar of Uskayaw.
  5732 | D:4      | Noticed a wyvern
  5743 | D:4      | Killed a wyvern
  5744 | D:4      | Reached skill level 1 in Shields
  5744 | D:4      | Reached XP level 7. HP: 38/38 MP: 17/20
  5752 | D:4      | Noticed Grinder
  5766 | D:4      | Paralysed by Grinder for 2 turns
  5808 | D:4      | Killed Grinder
  5809 | D:4      | Reached skill level 8 in Spellcasting
  5924 | D:4      | Noticed Daunt's ghost (weakling KoDe)
  5976 | D:4      | Found an ornate altar of the Wu Jian Council.
  6030 | D:4      | Found a transporter.
  6164 | D:4      | Found an opulent altar of Gozag.
  6209 | D:4      | Found a transporter.
  6265 | D:4      | Found a staircase to the Ecumenical Temple.
  6271 | D:4      | Identified the +1 ring mail "Megigex" {rPois Will- Str+6}
  6381 | D:4      | Noticed Pikel
  6419 | D:4      | Killed Pikel
  6420 | D:4      | Reached skill level 9 in Spellcasting
  6420 | D:4      | Reached XP level 8. HP: 43/43 MP: 1/23
  6784 | D:4      | Reached skill level 5 in Conjurations
  6878 | D:4      | Killed Daunt's ghost
  6880 | D:4      | Reached * piety under Vehumet
  6880 | D:4      | Offered knowledge of Foxfire by Vehumet.
  6883 | D:4      | Learned a level 1 spell: Foxfire
  7061 | D:5      | Entered Level 5 of the Dungeon
  7103 | D:5      | Reached skill level 10 in Spellcasting
  7185 | D:5      | Found a hazy altar of Hepliaklqana.
  7235 | D:5      | Found a broken altar of Ashenzari.
  7452 | D:5      | Reached XP level 9. HP: 42/47 MP: 20/25
  7745 | D:5      | Found an ancient bone altar of Kikubaaqudgha.
  8054 | D:6      | Identified the +0 ring mail of Kuqaguo {rPois rN+ Int+3}
  8217 | D:6      | Reached skill level 11 in Spellcasting
  8217 | D:6      | Reached skill level 5 in Fire Magic
  8292 | D:6      | Found a transporter.
  8294 | D:6      | Noticed hgbash's ghost (novice HOFi)
  8302 | D:6      | Found a transporter.
  8333 | D:6      | Offered knowledge of Searing Ray by Vehumet.
  8335 | D:6      | Reached ** piety under Vehumet
  8848 | D:6      | Noticed Edmund
  8853 | D:6      | Noticed Sigmund
  8866 | D:6      | Killed Sigmund
  8879 | D:6      | Killed Edmund
  9078 | D:6      | Reached skill level 12 in Spellcasting
  9214 | D:7      | Found a sand-covered staircase.
  9221 | Ossuary  | Entered an ossuary
  9552 | Ossuary  | Offered knowledge of Static Discharge by Vehumet.
  9721 | Ossuary  | Reached *** piety under Vehumet
  9813 | Ossuary  | Reached XP level 10. HP: 54/54 MP: 24/28
  9965 | D:7      | Found a glowing silver altar of Zin.
 10862 | D:8      | Found a shimmering altar of Xom.
 10939 | D:8      | Reached skill level 13 in Spellcasting
 10951 | D:8      | Offered knowledge of Frozen Ramparts by Vehumet.
 11354 | D:8      | Found Hulakh's Antique Weapon Boutique.
 11573 | D:9      | Noticed a two-headed ogre
 12153 | D:9      | Killed a two-headed ogre
 12159 | D:9      | Noticed a faun
 12161 | D:9      | Reached skill level 14 in Spellcasting
 12176 | D:9      | Noticed an anaconda
 12176 | D:9      | a faun changed into an anaconda
 12198 | D:9      | Noticed a deep troll
 12199 | D:9      | Noticed an anaconda
 12199 | D:9      | a deep troll changed into an anaconda
 12209 | D:9      | Killed an anaconda
 13009 | Temple   | Entered the Ecumenical Temple
 13161 | D:10     | Entered Level 10 of the Dungeon
 13161 | D:10     | Noticed a guardian serpent
 13178 | D:9      | Slain by a guardian serpent (shapeshifter)

Illustrated notes

Levels and vault maps discovered:
D:1:      psy_arrival_radial01, layout_basic, ebering_ecumenical_altar_hall,
          hangedman_decor_lopped, solitary_fountain
D:2:      layout_basic, minmay_rat_gold_closets
D:3:      layout_basic, vehumet_altar_wand_db, gammafunk_temple_overflow_claw,
          portal_sewer_entry_d, kennysheep_doodads, uniq_ijyb
D:4:      gammafunk_wand_slinger, layout_loops_ring, nicolae_gozag_seed_capital,
          mainiacjoe_overflow_chevrons, pdpol_wu_jian_five_deadly_venoms,
          old_standard_altar, minmay_temple_entry_trees, gammafunk_ghost_icy,
          uniq_pikel, uniq_grinder
D:5:      kennysheep_big_flooded_room, layout_rooms, evilmike_ruin_ashenzari,
          mainiacjoe_overflow_six_doors_small, lemuel_round_altar,
          nrook_campfire, minmay_fractal_squares_5
D:6:      layout_basic, gammafunk_ghost_stat_death, minivault_19,
          serial_bayou_pond_b, sigmund_edmund_badplayer
D:7:      layout_basic, mainiacjoe_overflow_paths,
          lightli_ossuary_entry_decrepit_ruins, lemuel_another_geyser
D:8:      layout_basic, xom_butterflies, serial_shops, nicolae_shop_trees
D:9:      layout_rooms, corexii_corridor_pit
D:10:     layout_basic, dpeg_lair_monsters, uniq_erica, uniq_sonja,
          uniq_gastronok
Temple:   compressed_dpeg_triangle_lava_temple

Skill      XL: |  1  2  3  4  5  6  7  8  9 10 |
---------------+-------------------------------+-----
Spellcasting   | 5 6 7 9 10 12 14 | 14.5
Fighting       | 1 2 3 |  3.0
Conjurations   | 2 3 4 5 7 8 |  8.4
Armour         | 1 2 3 |  3.0
Fire Magic     | 1 3 4 6 7 |  7.7
Dodging        | 3 |  3.0
Air Magic      | 1 |  1.0
Stealth        | 3 |  3.0
Poison Magic   | 1 |  1.0
Evocations     | 1 |  1.0
Shields        | 1 2 3 |  3.8
Summonings     | |  1.1
Translocations | |  1.1

Action                   |  1- 3 |  4- 6 |  7- 9 | 10-12 || total
-------------------------+-------+-------+-------+-------++-------
Melee: Dagger            |     2 |    25 |    43 |    38 ||   108
 Cast: Magic Dart        |    96 |   153 |    54 |       ||   303
       Conjure Flame     |     1 |     9 |    17 |    18 ||    45
       Mephitic Cloud    |     1 |     3 |    11 |    18 ||    33
       Foxfire           |       |       |   197 |   107 ||   304
       Call Imp          |       |       |     1 |     1 ||     2
       Blink             |       |       |       |     4 ||     4
  Use: Scroll            |       |       |       |     9 ||     9
 Stab: Confused          |       |       |     2 |     3 ||     5
Armor: Robe              |       |     9 |     2 |       ||    11
       Leather armour    |       |       |    17 |     3 ||    20
       Ring mail         |       |       |       |    14 ||    14
Dodge: Dodged            |    14 |    38 |    27 |    29 ||   108
Block: Other             |       |     1 |    13 |    14 ||    28
       Reflection        |       |       |     2 |       ||     2

Table legend: (Time is in decaauts)
 A = Elapsed time spent in this place.
 B = Non-inter-level travel time spent in this place.
 C = Inter-level travel time spent in this place.
 D = Time resting spent in this place.
 E = Time spent auto-exploring this place.
 F = Levels seen in this place.
 G = Mean time per level.
                   A        B        C        D        E       F      G
               +--------+--------+--------+--------+--------+-----+--------+
         Total |  13261 |  12637 |    624 |    835 |   9795 |  13 | 1020.1 |
       Dungeon |  11524 |  10903 |    621 |    835 |   8405 |  10 | 1152.4 |
        Temple |     33 |     31 |      2 |      0 |      0 |   1 |   33.0 |
         Sewer |   1042 |   1042 |      0 |      0 |    911 |   1 | 1042.0 |
       Ossuary |    661 |    661 |      0 |      0 |    479 |   1 |  661.0 |
               +--------+--------+--------+--------+--------+-----+--------+

Top non-repeatable levels by time:
     D:4: 1941 daAuts
     D:3: 1666 daAuts
     D:1: 1560 daAuts
     D:6: 1368 daAuts
     D:9: 1164 daAuts
     D:8: 1123 daAuts
   Sewer: 1042 daAuts
     D:2: 968 daAuts
     D:7: 877 daAuts
     D:5: 850 daAuts
 Ossuary: 661 daAuts
  Temple: 33 daAuts
    D:10: 3 daAuts
